 Dungeon Crawl Stone Soup version 0.26.1-11-gd32895ea62 (webtiles) character file.

Game seed: 9990052372099282345

742 nomophobia the Sneak (level 8, -3/46 HPs)
             Began as a Kobold Berserker on May 24, 2021.
             Was a Believer of Trog.
             Slain by a worm (10 damage)
             ... on level 4 of the Dungeon.
             The game lasted 00:36:28 (5832 turns).

nomophobia the Sneak (Kobold Berserker)             Turns: 5832, Time: 00:36:29

Health: -3/46      AC:  4    Str: 15    XL:     8   Next: 5%
Magic:  0/8        EV: 18    Int:  9    God:    Trog [**....]
Gold:   251        SH:  0    Dex: 15    Spells: 7/7 levels left

rFire    . . .     SeeInvis +   (weapon restricted)
rCold    . . .     Faith    .   (shield restricted)
rNeg     . . .     Spirit   +   n - +1 leather armour
rPois    .         Reflect  .   (no helmet)
rElec    .         Harm     .   (no cloak)
rCorr    .         Rampage  .   (no gloves)
Will     .....                  (no boots)
Stlth    +++++.....             i - amulet of guardian spirit
HPRegen  0.15/turn              m - ring of see invisible
MPRegen  0.11/turn              (no ring)

@: no status effects
A: small, nightstalker 3
a: Renounce Religion, Berserk, Trog's Hand


You were on level 4 of the Dungeon.
You worshipped Trog.
Trog was pleased with you.
You visited 1 branch of the dungeon, and saw 4 of its levels.

You collected 251 gold pieces.

Inventory:

Armour
 j - a +0 chain mail
 n - a +1 leather armour (worn)
Jewellery
 i - an amulet of guardian spirit (around neck)
 m - a ring of see invisible (left hand)
Scrolls
 g - a scroll of blinking
 h - 2 scrolls of remove curse
 k - a scroll of identify
Potions
 a - 2 potions of might {unknown}
 b - a potion of haste
 c - 2 potions of cancellation
 d - 2 potions of flight
 e - a potion of curing {unknown}


   Skills:
 - Level 3.2 Fighting
 + Level 6.5 Short Blades
 - Level 1.5 Armour
 * Level 6.0 Dodging
 * Level 7.9 Stealth


You had 7 spell levels left.
You didn't know any spells.
Your spell library was empty.

Dungeon Overview and Level Annotations

Branches:
Dungeon (4/15)
 Temple: D:4-7

Altars:
Fedhas
Okawaru
Xom
Yredelemnul
Zin


Innate Abilities, Weirdness & Mutations

You are small and have problems with some larger weapons.
You are completely attuned to the shadows.


Message History

The worm closely misses you.
You hit the worm.
The worm is severely wounded.
The worm bites you!
* * * LOW HITPOINT WARNING * * *
You hit the worm but do no damage.
The worm is severely wounded.
You hit the worm but do no damage.
The worm is severely wounded.
The worm bites you but does no damage.
You hit the worm but do no damage.
The worm is heavily wounded.
You hit the worm but do no damage.
The worm is heavily wounded.
The worm bites you!
* * * LOW HITPOINT WARNING * * *
You hit the worm.
The worm is severely wounded.
The worm bites you!
You die...

##.##
#...##
#w#..# #
..
#(@..##.#
..
##.......
# ###.###
# #.# #
#.# # #.#
## #.# #.
#.# ...
#. #.#
#.# #.


You could see a worm.

Vanquished Creatures
  Grinder (D:3)
  Sigmund (D:3)
  A scorpion (D:3)
  An orc priest (D:3)
  Terence (D:2)
  Jessica (D:2)
  An iguana (D:4)
  Natasha (D:3)
  A hound skeleton (D:4)
  7 adders
  3 gnolls (D:3)
  2 oozes
  An adder skeleton (D:4)
  A worm (D:2)
  3 dart slugs
  3 leopard geckos
  5 orcs (D:3)
  8 giant cockroaches
  2 goblins (D:2)
  8 hobgoblins
  7 jackals
  A quokka (D:3)
  A ball python (D:3)
  6 bats
  2 frilled lizards
  7 kobolds
  8 rats
84 creatures vanquished.

Notes
Turn   | Place    | Note
-------+----------+-------------------------------------------
     0 | D:1      | nomophobia the Kobold Berserker began the quest for the
                  | Orb.
     0 | D:1      | Reached XP level 1. HP: 14/14 MP: 1/1
   272 | D:1      | Reached skill level 1 in Stealth
   383 | D:1      | Reached XP level 2. HP: 19/19 MP: 2/2
  1021 | D:1      | Reached skill level 2 in Stealth
  1270 | D:1      | Reached XP level 3. HP: 20/23 MP: 3/3
  1596 | D:2      | Noticed Terence
  1625 | D:2      | Killed Terence
  1626 | D:2      | Reached skill level 3 in Stealth
  1626 | D:2      | Reached XP level 4. HP: 28/28 MP: 4/4
  1680 | D:2      | Noticed an angel
  1681 | D:2      | Found a glowing silver altar of Zin.
  1683 | D:2      | Found a shimmering altar of Xom.
  2467 | D:2      | Noticed Jessica
  2474 | D:2      | Killed Jessica
  2475 | D:2      | Reached XP level 5. HP: 24/32 MP: 5/5
  2738 | D:2      | Reached skill level 4 in Stealth
  3156 | D:2      | Reached ** piety under Trog
  3157 | D:2      | Reached skill level 5 in Short Blades
  3738 | D:3      | Noticed Sigmund
  3767 | D:3      | Noticed Grinder
  3794 | D:3      | Killed Grinder
  3795 | D:3      | Reached skill level 5 in Dodging
  3795 | D:3      | Reached skill level 6 in Stealth
  3795 | D:3      | Reached XP level 6. HP: 6/37 MP: 6/6
  4098 | D:3      | Reached XP level 7. HP: 26/41 MP: 7/7
  4326 | D:3      | Killed Sigmund
  4327 | D:3      | Reached skill level 7 in Stealth
  4416 | D:3      | Noticed Natasha
  4426 | D:3      | Killed Natasha
  4697 | D:3      | Found a blossoming altar of Fedhas.
  5049 | D:4      | Found an iron altar of Okawaru.
  5116 | D:4      | Reached XP level 8. HP: 46/46 MP: 8/8
  5256 | D:4      | Found a basalt altar of Yredelemnul.
  5832 | D:4      | Slain by a worm

Illustrated notes

Levels and vault maps discovered:
D:1:      heliophobic_arrival_henge, layout_basic, minmay_misc_feat_encased,
          minmay_three_crescents
D:2:      layout_basic, grunt_temple_overflow_order_and_chaos_1,
          corexii_item_surrounded_by_moat, minmay_increasing_density,
          uniq_jessica, uniq_terence
D:3:      layout_rooms, lemuel_doored_altar, portal_sewer_entry_f, uniq_natasha,
          uniq_sigmund, uniq_grinder
D:4:      layout_loops_cross, okawaru_gym_becter, nicolae_overflow_crystal_walls

Skill      XL: |  1  2  3  4  5  6  7 |
---------------+----------------------+-----
Stealth        | 1 2 3 6 7 |  7.9
Dodging        | 3 4 5 6 |  6.0
Short Blades   | 5 6 |  6.5
Fighting       | |  3.2
Armour         | |  1.5

Action                   |  1- 3 |  4- 6 |  7- 9 || total
-------------------------+-------+-------+-------++-------
Melee: Short sword       |    69 |   162 |    95 ||   326
       Unarmed           |       |       |    88 ||    88
Invok: Berserk           |     1 |     4 |     4 ||     9
  Use: Scroll            |       |     7 |     7 ||    14
 Stab: Sleeping          |    12 |     2 |     6 ||    20
       Distracted        |       |       |     1 ||     1
Armor: Animal skin       |     1 |       |       ||     1
       Chain mail        |       |    29 |       ||    29
       Leather armour    |       |     2 |    28 ||    30
Dodge: Dodged            |    41 |    72 |   129 ||   242
